 Dungeon Crawl Stone Soup version 0.29.1-2-gbd0b4ee654 (webtiles) character file.

Game seed: 5584363302926727611

77 GorkyZ the Trooper (level 4, -4/35 HPs)
             Began as a Demonspawn Fighter on Nov 19, 2022.
             Killed from afar by an orc wizard (9 damage)
             ... with a puff of flame
             ... on level 3 of the Dungeon.
             The game lasted 00:06:57 (2652 turns).

GorkyZ the Trooper (Demonspawn Fighter)             Turns: 2652, Time: 00:06:57

Health: -4/35      AC:  2    Str: 19    XL:     4   Next: 13%
Magic:  4/4        EV: 11    Int:  9    God:
Gold:   67         SH:  4    Dex: 12    Spells: 3/3 levels left

rFire   . . .      SeeInvis .   e - +0 dagger (speed)
rCold   . . .      Faith    .   c - +0 buckler
rNeg    . . .      Spirit   .   (no body armour)
rPois   .          Reflect  .   g - +2 hat
rElec   .          Harm     .   (no cloak)
rCorr   +          Rampage  .   (no gloves)
Will    .....                   (no boots)
Stlth   +.........              (no amulet)
HPRegen 0.11/turn               l - ring of resist corrosion
MPRegen 0.09/turn               (no ring)

@: no status effects
A: antennae 1, foul stench 1
a: no special abilities


You were on level 3 of the Dungeon.
You visited 1 branch of the dungeon, and saw 3 of its levels.

You collected 67 gold pieces.

Inventory:

Hand Weapons
 a - a +0 flail
 e - a +0 dagger of speed (weapon)
Missiles
 n - 2 datura-tipped darts (quivered)
Armour
 b - a +0 scale mail
 c - a +0 buckler (worn)
 g - a +2 hat (worn)
 r - a +3 leather armour
Jewellery
 l - a ring of resist corrosion (left hand)
Scrolls
 f - 4 scrolls of identify {unknown}
 k - a scroll of teleportation {unknown}
 o - a scroll of immolation {unknown}
 q - a scroll of noise {unknown}
 u - a scroll of enchant weapon {unknown}
Potions
 d - a potion of might
 h - 2 potions of degeneration {unknown}
 i - a potion of brilliance {unknown}
 j - a potion of magic {unknown}
 m - 2 potions of attraction {unknown}
 p - a potion of haste {unknown}
 s - a potion of heal wounds {unknown}
 t - a potion of mutation {unknown}


   Skills:
 + Level 3.3 Fighting
 + Level 2.2 Maces & Flails
 + Level 1.1 Throwing
 + Level 3.0 Armour
 + Level 1.0 Dodging
 + Level 3.0 Shields
 + Level 1.2 Invocations


You had 3 spell levels left.
You didn't know any spells.
Your spell library contained the following spells:

 Spells                   Type           Power      Damage    Failure   Level
 Poisonous Vapours        Pois/Air       0%         N/A       63%         2
 Scorch                   Fire           0%         2d5       63%         2
 Ignite Poison            Fire/Tmut/Pois 0%         N/A       85%         3
 Inner Flame              Hex/Fire       0%         N/A       85%         3


Dungeon Overview and Level Annotations

Branches:
Dungeon (3/15)

Altars:

Shops:
D:1 [


Innate Abilities, Weirdness & Mutations

You have a pair of small antennae on your head.
You may rarely emit foul miasma when damaged in melee.


Message History

You hit the orc.
The orc is lightly wounded.
The orc is engulfed in dark miasma.
The orc is poisoned.
The orc hits you with a +0 flail!
You hit the orc.
The orc is heavily wounded.
The orc is engulfed in dark miasma.
The orc looks even sicker.
You kill the orc!
You block the orc's attack.
Things that are here:
a +0 flail; a green potion You barely miss the orc.
You hit the orc.
The orc is heavily wounded.
The rat twitches its whiskers.
Something hits you. The orc barely misses you.
You barely miss the orc.
The orc is heavily wounded.
Something hits you. The orc hits you with a +0 club.
You are too injured to fight recklessly!
You are too injured to fight recklessly!
You are too injured to fight recklessly!
You are too injured to fight recklessly!
You are too injured to fight recklessly!
You are too injured to fight recklessly!
You are too injured to fight recklessly!
You are too injured to fight recklessly!
You are too injured to fight recklessly!
You hit something but do no damage. Something hits you.
The orc hits you with a +0 club.
You closely miss something. You miss something. Something hits you.
* * * LOW HITPOINT WARNING * * *
The orc hits you with a +0 club.
* * * LOW HITPOINT WARNING * * *
You closely miss something.
You hear some strange, mumbled words.
A puff of flame appears from out of thin air!
The puff of flame hits you!
You die...

#. #..# #.##..####
#.##......
#######.........
................
#...........#### #
#.##..#...######
≈..##.###.##..#.........
≈.....{@..........######
≈.....o##.##..#####
≈.....r #.##..# ≈......
.#.#..# ≈........ ....#
≈........ ...##
≈.#...###.#### ≈.#.## #.


You could see an orc and a rat.

Vanquished Creatures
  2 adders (D:2)
  A worm (D:2)
  2 dart slugs
  An orc (D:3)
  4 bats
  4 endoplasms
  5 giant cockroaches (D:1)
  7 goblins
  3 hobgoblins
  5 kobolds (D:1)
  A quokka (D:2)
  5 ball pythons
  A frilled lizard (D:2)
  9 rats
50 creatures vanquished.

Notes
Turn   | Place    | Note
-------+----------+-------------------------------------------
     0 | D:1      | GorkyZ the Demonspawn Fighter began the quest for the Orb.
     0 | D:1      | Reached XP level 1. HP: 18/18 MP: 1/1
    95 | D:1      | Got the Guide on Incandescence and the Stinger
   102 | D:1      | Found Qooqin's Antique Armour Boutique.
   134 | D:1      | Gained mutation: You have a pair of small antennae on your
                  | head. [demonic ancestry]
   134 | D:1      | Reached XP level 2. HP: 18/24 MP: 2/2
   610 | D:1      | Found a faded altar of an unknown god.
   715 | D:1      | Gained mutation: You may rarely emit foul miasma when
                  | damaged in melee. [demonic ancestry]
   715 | D:1      | Reached XP level 3. HP: 21/29 MP: 3/3
  1189 | D:2      | Reached skill level 1 in Throwing
  1189 | D:2      | Reached skill level 1 in Invocations
  1326 | D:2      | Reached skill level 1 in Dodging
  2202 | D:2      | Reached XP level 4. HP: 26/35 MP: 4/4
  2652 | D:3      | Killed from afar by an orc wizard

Illustrated notes

Levels and vault maps discovered:
D:1:      evilmike_arrival_rings, layout_rooms, serial_shops, shop,
          chequers_ecumenical_altar_simple, minmay_unequal
D:2:      layout_basic
D:3:      layout_loops_ring, mainiacjoe_overflow_concentric_impassable,
          xom_redecorated

Skill      XL: |  1  2  3 |
---------------+----------+-----
Maces & Flails | 2 |  2.2
Throwing       | 1 |  1.1
Invocations    | 1 |  1.2
Dodging        | 1 |  1.0
Shields        | 3 |  3.0
Armour         | 3 |  3.0
Fighting       | |  3.3

Action                   |  1- 3 |  4- 6 || total
-------------------------+-------+-------++-------
Melee: Dagger            |   271 |    11 ||   282
       Flail             |     7 |       ||     7
 Stab: Sleeping          |     2 |       ||     2
Armor: Scale mail        |    69 |       ||    69
       Skin              |     1 |       ||     1
Dodge: Dodged            |    89 |     2 ||    91
Block: Buckler           |    49 |     1 ||    50
